AoeStats
← Desert_Prince

Arabian Desert

510557313Analyzed
1v1 RM · 24h ago on Oct 1, 2026· 23m 55s· 2 players
Game mode
Random Map
Map size
Tiny (2 player)
Population
200
Speed
Normal
Resources
Standard
Victory
Conquest
Starting age
Dark Age
Ending age
Imperial Age
RankedLock teamsTeams togetherTeam positionsShared explorationLock speedFull tech treeHidden civsTurbo modeCheats
Victory
Defeat
🇲🇦 Jurchens · Morocco
1777
+12
🇮🇹 Tatars · Italy
1690
-12
twitch.tv/lenin92xxx
6:39 Loom
10:51 Feudal Age
15:48 Castle Age
Desert_Prince
6:11 Loom
8:24 Feudal Age
9:17 Double-Bit Axe
18:53 Castle Age
17:30 Horse Collar
17:42 Gold Mining
18:06 Fletching
18:54 Crossbowman
Connection lost

Rejoining the realm…

Still unreachable

The connection could not be restored.

Session expired

The server has moved on; the page needs a fresh start.